Cogmind - Beta 15 @@@ ROGUE MODE // 2025.07.26 @ 22:54:52 Player: Fazzonamite Result: Destroyed by S-43 Plague with Heavy Machine Gun Performance ------------- Evolutions (8) 4000 Regions Visited (13) 2600 Robots Destroyed (56) 280 Value Destroyed (2187) 2187 Prototype IDs (32) 640 Alien Tech Used (0) 0 Bonus (1332) 1332 TOTAL SCORE: 11039 Bonus ------- High Alert Combat Kills 63 Follower Combat Kills 469 Registered with UFD 300 Met Optimus in HQ 500 Cogmind --------- Core Integrity 0/1450 Matter 270/300 Energy 39/100 System Corruption 0% Temperature Cool (0) Movement Core (50) Location -2/Research Parts ------- > --- POWER (2) -------- (None) > --- PROPULSION (5) --- (None) > --- UTILITY (12) ----- 0b10 Decoder Chip [Scout] Improved Hacking Suite > --- WEAPON (4) ------- Power Sword > --- INVENTORY (5) ---- Improved Weapon Shielding Improved Plasma Cutter Peak State ------------ > --- POWER ------------ Micro Fission Core Light Particle Reactor > --- PROPULSION ------- Field Propulsion Drive Field Propulsion Drive Field Propulsion Drive Impulse Thruster Array > --- UTILITY ---------- Advanced Weight Redist. System Advanced Sensor Array Advanced Signal Interpreter Long-range Terrain Scanner Surveybot 17 Chip 0b10 Decoder Chip [Scout] Advanced Melee Analysis Suite Advanced Actuator Array Advanced Cloaking Device Improved Hacking Suite Advanced Hacking Suite Improved System Shield > --- WEAPON ----------- Advanced Datajack Power Sword Force Lance > --- INVENTORY -------- Improved Weapon Shielding Advanced Drone Bay Improved Plasma Cutter [Rating: 138] Favorites ----------- Power Improved Ion Engine Engine Improved Ion Engine Power Core Micro Nuclear Core Reactor Light Particle Reactor Propulsion Light Treads Treads Light Treads Leg Flexi-carbon Leg Wheel Armored Wheel Hover Unit Improved Gravmag System Flight Unit Q-thruster Utility High-capacity Storage Unit Device Improved Terrain Scanner Storage High-capacity Storage Unit Processor Surveybot 17 Chip Hackware Improved Hacking Suite Protection Layered Medium Armor Plating Weapon Battle Rifle Energy Gun Spread Laser Energy Cannon Heavy Plasma Cannon Ballistic Gun Battle Rifle Ballistic Cannon Magnetic Acceleration Cannon Launcher Grenade Launcher Special Weapon Junk Cannon Impact Weapon Great Maul Slashing Weapon Power Sword Piercing Weapon Lance Special Melee Weapon Dirty Datajack Build | -11 -10 -10 -9 -6 -6 -6 -6 -6 -5 -4 -4 -3 -2 ------- Run | Yrd Mat Sub Scr Fac Was Fac Low Low Fac Fac Arm Res Res Slots Evolved 16 | . . . . 8 . . . . 2 2 . 2 2 Power 1 | . . . . . . . . . 1 . . . . Propulsion 3 | . . . . 2 . . . . . 1 . . . Utility 10 | . . . . 5 . . . . 1 1 . 1 2 Weapon 2 | . . . . 1 . . . . . . . 1 . Parts Attached 155 | 6 5 11 5 11 2 27 6 3 22 23 19 6 9 Power 21 | 1 . 1 1 1 . 5 . 1 2 4 3 1 1 Engine 8 | 1 . 1 1 1 . 2 . . 1 1 . . . Core 9 | . . . . . . 3 . 1 1 3 . 1 . Reactor 4 | . . . . . . . . . . . 3 . 1 Propulsion 46 | 2 . 3 1 3 2 10 . 2 6 7 6 3 1 Treads 2 | 1 . 1 . . . . . . . . . . . Leg 4 | . . . . 2 1 1 . . . . . . . Wheel 7 | 1 . 2 1 1 . 2 . . . . . . . Hover 8 | . . . . . 1 3 . . 4 . . . . Flight 25 | . . . . . . 4 . 2 2 7 6 3 1 Utility 57 | 1 2 3 1 5 . 8 3 . 9 10 6 2 7 Device 32 | 1 . 2 1 1 . 5 1 . 6 4 6 1 4 Storage 3 | . 2 . . . . . . . . . . . 1 Processor 11 | . . . . 3 . 2 1 . 2 2 . . 1 Hackware 5 | . . . . . . 1 . . 1 2 . 1 . Protection 6 | . . 1 . 1 . . 1 . . 2 . . 1 Artifact . | . . . . . . . . . . . . . . Weapon 31 | 2 3 4 2 2 . 4 3 . 5 2 4 . . Energy Gun 2 | 1 . . 1 . . . . . . . . . . Energy Cannon 2 | . . . . . . 2 . . . . . . . Ballistic Gun 8 | 1 2 4 . 1 . . . . . . . . . Ballistic Cannon 1 | . . . . 1 . . . . . . . . . Launcher 1 | . 1 . . . . . . . . . . . . Special Weapon 1 | . . . 1 . . . . . . . . . . Impact Weapon 2 | . . . . . . . . . 2 . . . . Slashing Weapon 4 | . . . . . . 1 . . . . 3 . . Piercing Weapon 4 | . . . . . . 1 . . 2 1 . . . Special Melee Weapon 6 | . . . . . . . 3 . 1 1 1 . . Unidentified Prototypes 5 | . . . 1 . . 2 . . . 2 . . . Parts Lost 64 | . . 4 . 3 4 8 . 1 7 13 2 6 16 Power 13 | . . 1 . . . 2 . . 2 5 . 1 2 Propulsion 21 | . . 1 . 2 1 3 . . 3 2 2 3 4 Utility 22 | . . 1 . . 1 2 . 1 2 5 . 1 9 Weapon 8 | . . 1 . 1 2 1 . . . 1 . 1 1 Highest Loss Streak 15 | . . 2 . 3 4 7 . 1 7 4 1 6 15 To Critical Strikes . | . . . . . . . . . . . . . . Average Backups 5 | 4 12 9 2 2 5 4 4 5 4 4 4 4 3 Power . | . 1 . . 1 1 . . . . . . . . Propulsion . | 1 3 2 . . 2 1 . . . . . 1 . Utility 1 | . 4 3 1 . . . . . . . 1 . 2 Weapon 1 | . 3 3 . . . 1 1 2 . 1 . . . Tool/Special . | . . . . . . . . . . . . . . Unused Backups 30 | . 2 6 3 1 2 6 1 . . 4 1 2 2 Power 3 | . . . . 1 1 1 . . . . . . . Propulsion 3 | . . 1 1 . . . . . . 1 . . . Utility 14 | . . 3 1 . 1 2 1 . . 2 1 2 1 Weapon 7 | . 2 2 . . . 3 . . . . . . . Tool/Special 3 | . . . 1 . . . . . . 1 . . 1 Average Slot Usage (%) 92 | . 99 99 99 81 80 73 85 87 91 86 90 90 80 Engine 7 | . 14 14 14 6 4 2 . . 1 2 . 3 . Core 1 | . . . . . . 2 6 6 4 5 . 3 3 Treads 6 | . 14 14 14 4 . . . . . . . . . Wheel 7 | . 14 13 14 9 4 2 . . . . . . . Hover 2 | . . . . . . 8 13 11 6 2 . . . Flight 6 | . . . . . . 10 6 14 15 13 24 21 15 Device 12 | . 14 11 14 9 11 12 13 7 9 7 13 18 18 Storage 7 | . 13 14 14 6 4 . . . . . . . . Processor 10 | . . . . 17 20 22 18 20 22 21 18 14 16 Hackware 3 | . . . . . . 3 6 6 6 13 10 12 12 Protection 1 | . . 2 . 5 4 . 5 6 2 3 3 . . Energy Gun 5 | . 13 2 11 6 4 . . . . . . . . Ballistic Gun 8 | . 13 24 15 5 4 . . . . . . . . Piercing Weapon 2 | . . . . . . 4 . . 8 5 4 4 3 Special Melee Weapon 1 | . . . . . . . 11 13 3 3 . . 1 Peak Build Rating 138 | 8 11 26 38 75 58 56 68 68 82 112 132 128 138 Average Rating 52 | 4 9 17 30 56 49 44 59 62 71 100 118 122 121 On Entrance 52 | . 8 10 26 32 58 32 49 68 58 80 100 110 102 Naked Turns . | . . . . . . . . . . . . . . Heaviest Build 69 | 9 50 52 53 69 69 14 19 19 33 33 40 30 40 Greatest Support 46 | 10 20 10 12 40 28 28 19 19 34 35 40 39 46 Greatest Overweight (x) 5 | . 4 5 5 4 2 . . . 1 1 2 . . Average Overweight (x) 1 | . 3 4 4 1 . . . . . . . . . Largest Inventory Capacity 20 | 5 20 20 20 20 20 5 5 5 5 5 5 5 5 Average Capacity 12 | 5 18 20 20 20 15 5 5 5 5 5 5 5 5 Most Carried 20 | 5 20 20 20 20 8 5 5 5 5 5 5 5 5 Average Carried 11 | 4 12 17 19 15 6 4 4 5 4 4 4 4 4 Final Capacity 20 | 5 20 20 20 20 5 5 5 5 5 5 5 5 5 Final Carried 20 | 5 18 20 20 8 3 5 5 5 5 4 4 4 2 Class Distribution -------------------- 53% | Mutant 9% | Scout 6% | Scavenger-Sprinter 6% | Hacker-Ninja 6% | Hacker-Mutant 4% | Hacker-Sprinter 4% | Hacker-Gladiator Dominant Class ---------------- Mutant | -10/Materials Mutant | -10/Subcaves Mutant | -9/Scraptown Derelict-Mutant | -6/Factory Scavenger-Skirmisher | -6/Waste Scout | -6/Factory Scout | -6/Lower Caves Mutant | -6/Lower Caves Scavenger-Sprinter | -5/Factory Hacker-Mutant | -4/Factory Hacker-Sprinter | -4/Armory Hacker-Sprinter | -3/Research Hacker-Ninja | -2/Research Resources | -11 -10 -10 -9 -6 -6 -6 -6 -6 -5 -4 -4 -3 -2 ----------- Run | Yrd Mat Sub Scr Fac Was Fac Low Low Fac Fac Arm Res Res Matter Collected 2373 | 227 172 210 125 226 . 218 241 52 319 253 256 25 49 Remotely . | . . . . . . . . . . . . . . Salvage Created 2129 | 14 315 148 . 347 . 146 25 . 530 360 163 32 49 Parts 110 | 3 24 9 . 16 . 15 2 . 10 15 12 4 . Haulers Intercepted 2 | . 1 . . . . . . . 1 . . . . Recyclers Shooed . | . . . . . . . . . . . . . . Parts Field Recycled . | . . . . . . . . . . . . . . Retrieved Matter . | . . . . . . . . . . . . . . Parts Self-Destructed 6 | . . 2 . . . . 3 1 . . . . . Prevented . | . . . . . . . . . . . . . . Kills | -11 -10 -10 -9 -6 -6 -6 -6 -6 -5 -4 -4 -3 -2 ------- Run | Yrd Mat Sub Scr Fac Was Fac Low Low Fac Fac Arm Res Res Combat Hostiles Destroyed 43 | . 9 3 . 9 . 5 . . 8 6 3 . . Melee 9 | . . . . . . 1 . . 4 1 3 . . Guns 17 | . 7 3 . 7 . . . . . . . . . Cannons 6 | . . . . 2 . 4 . . . . . . . AOE 4 | . 2 . . . . . . . . 2 . . . Classes Destroyed 16 | 1 5 1 . 1 . 1 . . 4 2 1 . . Builder 2 | . 2 . . . . . . . . . . . . Tunneler 1 | 1 . . . . . . . . . . . . . Hauler 2 | . 1 . . . . . . . 1 . . . . Operator 3 | . . . . . . . . . 1 1 . 1 . Watcher 4 | . 2 . . . . . . . . 1 . . 1 Swarmer 18 | . 7 . . 3 . 4 1 . 1 1 1 . . Cutter 1 | . . . . . . . . . . 1 . . . Grunt 9 | . 2 . . 5 . . . . 2 . . . . Brawler 1 | . . . . . . . . . 1 . . . . Duelist 1 | . . . . . . . . . 1 . . . . Protector 1 | . . . . . . . . . . . 1 . . Sentry 2 | . . . . 1 . . . . . 1 . . . Hunter 3 | . . . . . . . . . 1 1 1 . . Programmer 4 | . . . . . . 1 . . 2 1 . . . Striker 1 | . . . . . . . . . . 1 . . . Subdweller 3 | . . 3 . . . . . . . . . . . Best Kill Streak 5 | 1 3 1 . 5 . 4 . . 3 3 1 1 1 Combat Bots Only 5 | . 3 1 . 5 . 4 . . 4 3 1 . . Max Kills in Single Turn 2 | 1 2 1 . 1 . 1 1 . 1 1 1 1 1 Gunslinging . | . . . . . . . . . . . . . . Exploded 2 | . 2 . . . . . . . . 1 . . . Melee 1 | . . . . . . 1 . . 1 1 1 . . Uniques/NPCs Destroyed . | . . . . . . . . . . . . . . Combat | -11 -10 -10 -9 -6 -6 -6 -6 -6 -5 -4 -4 -3 -2 -------- Run | Yrd Mat Sub Scr Fac Was Fac Low Low Fac Fac Arm Res Res Hostile Shots Fired 757 | . 29 30 . 97 2 51 23 9 80 174 57 14 191 Missed 293 | . 8 8 . 27 . 13 9 6 26 90 18 9 79 Hits 464 | . 21 22 . 70 2 38 14 3 54 84 39 5 112 Melee 6 | . . . . . 2 . . . 2 2 . . . Projectile 458 | . 21 22 . 70 . 38 14 3 52 82 39 5 112 AOE 1 | . . . . . . . . . . 1 . . . Critical Strikes 17 | . . . . 3 1 2 . . 4 5 1 . 1 Damage Taken 9382 | . 168 453 . 1001 278 667 248 46 1032 2126 665 237 2461 Core 2875 | . 23 44 . 88 . 109 60 . 299 598 106 79 1469 Absorbed by Shields 35 | . . . . . . . . . . . 35 . . Core Remaining (%) 73 | 100 . . 73 . . . . 69 70 . 38 93 . Volleys Fired 120 | 5 35 40 . 24 3 13 . . . . . . . Largest 3 | 2 2 2 . 3 3 2 . . . . . . . Hottest 175 | 70 70 70 . 134 132 175 . . . . . . . Shots Fired 217 | 10 66 63 . 55 9 14 . . . . . . . Gun 188 | 10 64 61 . 47 6 . . . . . . . . Cannon 25 | . . . . 8 3 14 . . . . . . . Launcher 4 | . 2 2 . . . . . . . . . . . Special . | . . . . . . . . . . . . . . Kinetic 116 | 5 33 41 . 31 6 . . . . . . . . Thermal 97 | 5 31 20 . 24 3 14 . . . . . . . Explosive 4 | . 2 2 . . . . . . . . . . . Electromagnetic . | . . . . . . . . . . . . . . Robot Hit Streak 19 | 2 12 19 . 6 9 4 . . . . . . . Robot Miss Streak 6 | 2 3 1 . 6 3 2 . . . . . . . Penetration Max . | . . . . . . . . . . . . . . Secondary Targets 2 | . . . . 2 . . . . . . . . . Max Gunslinging Chain 1 | . . . . 1 . . . . . . . . . Shots Hit Robots 237 | 5 39 36 . 42 7 10 2 7 29 29 25 3 3 Core Hits 122 | 3 21 9 . 48 2 5 1 4 10 10 5 2 2 Critical Kills 2 | . 1 . . . . . . . . 1 . . . Critical Parts Destroyed 9 | . 1 . . . . . . . 3 5 . . . Critical Strikes 23 | 1 4 1 . 2 . . . . 5 8 2 . . Burn 4 | 1 2 1 . . . . . . . . . . . Destroy 2 | . 2 . . . . . . . . . . . . Blast 2 | . . . . 2 . . . . . . . . . Smash 10 | . . . . . . . . . 4 6 . . . Sever 1 | . . . . . . . . . . . 1 . . Impale 4 | . . . . . . . . . 1 2 1 . . Melee Attacks 258 | . . . . . . 23 8 11 78 64 44 12 18 Impact 60 | . . . . . . . . . 28 32 . . . Slashing 22 | . . . . . . 1 . . . . 13 2 6 Piercing 165 | . . . . . . 22 8 11 50 32 20 10 12 Sneak Attacks 23 | . . . . . . . . 1 6 5 11 . . Combat Hostiles 10 | . . . . . . . . 1 5 4 . . . Follow-up Attacks 22 | . . . . . . . . . 7 4 8 1 2 Damage Inflicted 5034 | 54 546 439 . 672 153 371 3 16 1028 614 865 117 156 Guns 1510 | 54 407 439 . 516 94 . . . . . . . . Cannons 534 | . . . . 156 59 319 . . . . . . . Explosions 139 | . 139 . . . . . . . . . . . . Melee 2833 | . . . . . . 52 3 16 1028 614 865 117 138 Ramming 18 | . . . . . . . . . . . . . 18 Kinetic 889 | 17 180 226 . 370 96 . . . . . . . . Thermal 1155 | 37 227 213 . 302 57 319 . . . . . . . Explosive 139 | . 139 . . . . . . . . . . . . Electromagnetic . | . . . . . . . . . . . . . . Impact 1013 | . . . . . . . . . 557 456 . . . Slashing 384 | . . . . . . . . . . . 246 43 95 Piercing 1436 | . . . . . . 52 3 16 471 158 619 74 43 Highest Corruption 13 | . 2 2 2 . 13 13 9 9 3 7 7 2 . Average Corruption 5 | . 2 2 2 . 8 9 9 9 2 5 4 2 . Corruption Purged 12 | . . . . . . 5 . . . . 7 . . Corruption Blocked . | . . . . . . . . . . . . . . Effects 93 | . 4 11 . . 4 27 25 4 7 3 8 . . Message Errors 22 | . 1 5 . . . 6 6 . . 1 3 . . Matter Fused 23 | . 1 1 . . 2 4 7 3 4 . 1 . . Heat Flow Errors 17 | . 1 3 . . 1 5 5 . 1 . 1 . . Energy Discharges 10 | . 1 . . . 1 4 2 . 1 . 1 . . Parts Rejected 1 | . . . . . . . . . . 1 . . . Parts Fused 1 | . . . . . . . 1 . . . . . . Data Loss (minor) 12 | . . 1 . . . 3 4 1 . 1 2 . . Data Loss (major) 5 | . . 1 . . . 4 . . . . . . . Alerts 2 | . . . . . . 1 . . 1 . . . . Overload Shots . | . . . . . . . . . . . . . . Overflow Damage 517 | . . . . . . 8 . . 219 229 61 . . Projectiles 8 | . . . . . . 8 . . . . . . . Explosions . | . . . . . . . . . . . . . . Melee 509 | . . . . . . . . . 219 229 61 . . Knockbacks 9 | . . . . . . . . . 7 2 . . . Impact 8 | . . . . . . . . . 6 2 . . . Kinetic . | . . . . . . . . . . . . . . Secondary 1 | . . . . . . . . . 1 . . . . Self-Inflicted Damage 9 | . . . . . . . . . . . . . 9 Shots . | . . . . . . . . . . . . . . Rammed 1 | . . . . . . . . . . . . . 1 Targets Rammed 1 | . . . . . . . . . . . . . 1 Kicked . | . . . . . . . . . . . . . . Crushed . | . . . . . . . . . . . . . . Highest Temperature 390 | 90 275 153 . 325 126 311 237 21 115 21 156 . 390 Average Temperature 82 | 44 52 70 . 128 70 118 98 14 47 9 18 . 245 Received Heat Transfer 1408 | . 6 102 . 231 . 36 57 . 126 225 96 12 517 Siege Activations . | . . . . . . . . . . . . . . Martial Activations . | . . . . . . . . . . . . . . Shielding Activations . | . . . . . . . . . . . . . . Robots Disrupted . | . . . . . . . . . . . . . . Combat Hostiles . | . . . . . . . . . . . . . . Robots Corrupted 7 | . . . . . . . . . 4 3 . . . Combat Hostiles 7 | . . . . . . . . . 4 3 . . . Parts Fried 9 | . . . . . . . . . 5 4 . . . Impact Corruptions 13 | . . . . . . . . . 8 5 . . . Robots Melted . | . . . . . . . . . . . . . . Combat Hostiles . | . . . . . . . . . . . . . . Parts Melted 4 | . 1 2 . . . 1 . . . . . . . Heat Transferred 2657 | 185 814 703 . 385 70 500 . . . . . . . Parts Sabotaged . | . . . . . . . . . . . . . . Parts Stolen . | . . . . . . . . . . . . . . Parts Stripped . | . . . . . . . . . . . . . . Power Chain Reactions . | . . . . . . . . . . . . . . Alert | -11 -10 -10 -9 -6 -6 -6 -6 -6 -5 -4 -4 -3 -2 ------- Run | Yrd Mat Sub Scr Fac Was Fac Low Low Fac Fac Arm Res Res Maximum Alert Level 2 | . . . . . . . . . 2 2 1 . . Low Security (%) 77 | 100 100 . . 100 100 100 . . 39 61 35 100 100 Level 1 15 | . . . . . . . . . 32 28 64 . . Level 2 6 | . . . . . . . . . 28 10 . . . Level 3 . | . . . . . . . . . . . . . . Level 4 . | . . . . . . . . . . . . . . Level 5 . | . . . . . . . . . . . . . . High Security . | . . . . . . . . . . . . . . Max Security . | . . . . . . . . . . . . . . Peak Influence 641 | 5 88 . . 157 37 137 . . 641 533 257 62 45 Initial 289 | . . . . . 37 . . . . 289 245 54 34 Average 109 | . 30 . . 64 9 42 . . 263 193 179 34 6 Influence Increases 3845 | 5 315 . . 261 1 299 141 36 988 1042 323 136 298 Destroy 0b10 Robot/C 1120 | . 180 . . 180 . 100 20 20 280 200 120 . 20 Destroy 0b10 Robot/NC 90 | 5 25 . . . . . . . 30 15 5 5 5 Destroy Leader 244 | . 56 . . 40 . 20 . . 52 52 12 . 12 Allied During Kill 72 | . . . . . . . 1 1 11 8 30 . 21 Trap Triggered on 0b10 70 | . . . . 10 . . . . 10 50 . . . Successful Hack 104 | . 25 . . 14 . 6 . . 24 6 17 12 . Select Force Hacks 50 | . . . . . . . . . . 50 . . . Disable Machine 210 | . 15 . . . . 15 . . 75 30 60 . 15 Destroy Structure 220 | . 14 . . 2 1 23 . . 86 46 4 14 30 Partial Spotted 135 | . . . . . . . . . 15 30 60 15 15 Lose Combat Pursuer 1530 | . . . . 15 . 135 120 15 405 555 15 90 180 Influence Decreases 3758 | 5 298 17 . 154 108 237 202 37 397 1132 720 178 273 Entered New Map 740 | . . 9 . . 70 . 24 1 . 302 256 50 28 Time Decay 1910 | 5 298 8 . 124 38 157 178 31 307 310 214 120 120 Lost Part 443 | . . . . 30 . 80 . . 70 130 20 8 105 Lost Ally 215 | . . . . . . . . 5 20 90 80 . 20 Purge Threat 450 | . . . . . . . . . . 300 150 . . Squads Dispatched 45 | . 2 . . 2 . 7 . . 13 10 2 3 6 Investigation 23 | . 1 . . . . 5 . . 5 5 1 2 4 Extermination 11 | . . . . . . 2 . . 3 2 1 1 2 Reinforcement 8 | . 1 . . 2 . . . . 2 3 . . . Assault . | . . . . . . . . . . . . . . Garrison 3 | . . . . . . . . . 3 . . . . Intercept . | . . . . . . . . . . . . . . Searches Triggered . | . . . . . . . . . . . . . . Construction Impeded 1 | . . . . 1 . . . . . . . . . Haulers Reinforced . | . . . . . . . . . . . . . . Active Scanning Responses . | . . . . . . . . . . . . . . Cargo Convoy Interrupts 1 | . . . . . . . . . . 1 . . . Stealth | -11 -10 -10 -9 -6 -6 -6 -6 -6 -5 -4 -4 -3 -2 --------- Run | Yrd Mat Sub Scr Fac Was Fac Low Low Fac Fac Arm Res Res Distress Signals 12 | . . . . . . . . . 2 3 3 . 4 Communications Jammed . | . . . . . . . . . . . . . . Distress Signals . | . . . . . . . . . . . . . . Times Spotted 263 | . 23 3 . 13 5 16 9 7 41 69 33 7 37 Peak Tracking Total 25 | . 6 2 . 5 5 8 4 3 8 15 14 4 25 Tactical Retreats 39 | . . . . 1 . 2 2 1 12 14 1 2 4 Traps | -11 -10 -10 -9 -6 -6 -6 -6 -6 -5 -4 -4 -3 -2 ------- Run | Yrd Mat Sub Scr Fac Was Fac Low Low Fac Fac Arm Res Res Traps Triggered 9 | . 2 . . 1 . 1 . . 1 1 2 1 . Indirectly . | . . . . . . . . . . . . . . Trap Hack Attempts . | . . . . . . . . . . . . . . Triggered . | . . . . . . . . . . . . . . Disarmed . | . . . . . . . . . . . . . . Reprogrammed 7 | . . . . . . . . . 1 6 . . . Reused 9 | . . . . 1 2 . . . 1 5 . . . Traps Extracted . | . . . . . . . . . . . . . . Installed 3 | . . . . 1 2 . . . . . . . . Triggered 7 | . . . . 1 . . . . 1 5 . . . Most Traps Carried 3 | . . 1 3 3 2 . . . . . . . . Machines | -11 -10 -10 -9 -6 -6 -6 -6 -6 -5 -4 -4 -3 -2 ---------- Run | Yrd Mat Sub Scr Fac Was Fac Low Low Fac Fac Arm Res Res Machines Disabled 14 | . 1 . . . . 1 . . 5 2 4 . 1 Max in Single Turn 1 | . 1 . . . . 1 . . 1 . 1 . 1 Machines Repaired . | . . . . . . . . . . . . . . Machines Dismantled . | . . . . . . . . . . . . . . Machines Sabotaged . | . . . . . . . . . . . . . . Overloaded Fab Kills 1 | . . . . . . . . . . 1 . . . Hacking | -11 -10 -10 -9 -6 -6 -6 -6 -6 -5 -4 -4 -3 -2 --------- Run | Yrd Mat Sub Scr Fac Was Fac Low Low Fac Fac Arm Res Res Machines Accessed 58 | . 4 3 5 1 . 8 1 . 8 11 7 6 4 Terminals 17 | . 4 . . 1 . . . . 3 4 3 2 . Fabricators 6 | . . . . . . 1 . . . 2 2 1 . Repair Stations 3 | . . . . . . 1 . . . 1 1 . . Recycling Units 21 | . . . . . . 5 . . 5 4 1 2 4 Scanalyzers . | . . . . . . . . . . . . . . Garrison Access 2 | . . . . . . 1 . . . . . 1 . Total Hacks 111 | . 12 4 17 2 . 9 1 . 15 19 15 11 6 Successful 72 | . 9 4 17 1 . 7 1 . 7 14 5 3 4 Failed 39 | . 3 . . 1 . 2 . . 8 5 10 8 2 Catastrophic 4 | . . . . . . . . . 1 . 2 1 . Database Lockouts . | . . . . . . . . . . . . . . Manual 48 | . 7 . . 2 . 5 . . 9 12 4 3 6 Terminals 44 | . 12 . . 2 . . . . 7 11 7 5 . Fabricators 8 | . . . . . . 1 . . . 2 4 1 . Repair Stations 3 | . . . . . . 1 . . . 1 1 . . Recycling Units 29 | . . . . . . 5 . . 8 5 3 2 6 Scanalyzers . | . . . . . . . . . . . . . . Garrison Access 5 | . . . . . . 2 . . . . . 3 . Terminal Hacks 40 | . 6 4 17 . . . 1 . 3 5 3 1 . Record 17 | . . 1 16 . . . . . . . . . . Robot Analysis 2 | . 2 . . . . . . . . . . . . Prototype ID Bank 5 | . 2 . . . . . . . 2 1 . . . Open Door 3 | . . 1 . . . . 1 . . . 1 . . Level Access Points 1 | . . . . . . . . . . . . 1 . Branch Access Points 1 | . 1 . . . . . . . . . . . . Recycling Unit Index 1 | . . . . . . . . . . 1 . . . Unreport Threat 3 | . . . . . . . . . . 2 1 . . Locate Traps 1 | . . . . . . . . . . . 1 . . Reprogram Traps 2 | . . . . . . . . . 1 1 . . . Hauler Manifests 1 | . 1 . . . . . . . . . . . . Proto ID Catalog 2 | . . 1 1 . . . . . . . . . . Release Object 1 | . . 1 . . . . . . . . . . . Fabricator Hacks 2 | . . . . . . 1 . . . 1 . . . Network Status 1 | . . . . . . 1 . . . . . . . Build 1 | . . . . . . . . . . 1 . . . Repair Station Hacks 3 | . . . . . . 1 . . . 1 1 . . Refit 3 | . . . . . . 1 . . . 1 1 . . Recycling Unit Hacks . | . . . . . . . . . . . . . . Scanalyzer . | . . . . . . . . . . . . . . Garrison Access Hacks . | . . . . . . . . . . . . . . Unauthorized Hacks 27 | . 3 . . 1 . 5 . . 4 7 1 2 4 Terminals 6 | . 3 . . 1 . . . . . 2 . . . Assimilate 1 | . . . . . . . . . . 1 . . . Botnet 4 | . 2 . . 1 . . . . . 1 . . . Operators 1 | . 1 . . . . . . . . . . . . Fabricators 1 | . . . . . . . . . . 1 . . . Overload 1 | . . . . . . . . . . 1 . . . Repair Stations . | . . . . . . . . . . . . . . Recycling Units 20 | . . . . . . 5 . . 4 4 1 2 4 Fedlink 16 | . . . . . . 5 . . 3 3 1 2 2 Scrapoids 2 | . . . . . . . . . . 1 . . 1 Scraphulk 2 | . . . . . . . . . 1 . . . 1 Scanalyzers . | . . . . . . . . . . . . . . Garrison Access . | . . . . . . . . . . . . . . Data Cores Recovered 4 | . . . . . . . . . 1 1 1 1 . Used 1 | . . . . . . . . . . . 1 . . Hacking Detections 25 | . 3 . . . . 2 . . 5 5 5 4 1 Full Trace Events 1 | . . . . . . . . . 1 . . . . Feedback Events . | . . . . . . . . . . . . . . Feedback Blocked . | . . . . . . . . . . . . . . Robot Schematics Acquired . | . . . . . . . . . . . . . . Robots Built 2 | . . . . . . . . . . 2 . . . Authchips . | . . . . . . . . . . . . . . Time 81 | . . . . . . . . . . 81 . . . Total Robot Build Rating 2 | . . . . . . . . . . 2 . . . Part Schematics Acquired . | . . . . . . . . . . . . . . Parts Built . | . . . . . . . . . . . . . . Authchips . | . . . . . . . . . . . . . . Time . | . . . . . . . . . . . . . . Total Part Build Rating . | . . . . . . . . . . . . . . Parts Repaired . | . . . . . . . . . . . . . . Time . | . . . . . . . . . . . . . . Parts Recycled . | . . . . . . . . . . . . . . Recycled Matter . | . . . . . . . . . . . . . . Retrieved Matter . | . . . . . . . . . . . . . . Retrieved Components . | . . . . . . . . . . . . . . Parts Scanalyzed . | . . . . . . . . . . . . . . Part Schematics Acquired . | . . . . . . . . . . . . . . Parts Damaged . | . . . . . . . . . . . . . . Bothacking | -11 -10 -10 -9 -6 -6 -6 -6 -6 -5 -4 -4 -3 -2 ------------ Run | Yrd Mat Sub Scr Fac Was Fac Low Low Fac Fac Arm Res Res Used RIF Installer . | . . . . . . . . . . . . . . Robots Hacked . | . . . . . . . . . . . . . . Non-combat . | . . . . . . . . . . . . . . Combat . | . . . . . . . . . . . . . . Robot Hacks Applied . | . . . . . . . . . . . . . . Relay Couplers Released . | . . . . . . . . . . . . . . Fabnet Peak Effective % . | . . . . . . . . . . . . . . Robots Rewired 5 | . . . . . . . . . . . 5 . . Allies Hacked . | . . . . . . . . . . . . . . Hacks Repelled . | . . . . . . . . . . . . . . Allies | -11 -10 -10 -9 -6 -6 -6 -6 -6 -5 -4 -4 -3 -2 -------- Run | Yrd Mat Sub Scr Fac Was Fac Low Low Fac Fac Arm Res Res Total Allies 28 | . . . . . . . 1 3 2 11 5 . 6 Largest Group 5 | . . . . . . . 1 1 1 5 5 . 5 Highest-Rated Group 323 | . . . . . . . 12 12 123 238 246 . 323 Highest-Rated Ally 139 | . . . . . . . 12 12 123 116 50 . 139 Total Orders 1 | . . . . . . . . . . 1 . . . ROAM 1 | . . . . . . . . . . 1 . . . Ally Attacks 106 | . . . . . . . 3 10 33 16 39 . 5 Total Damage 3408 | . . . . . . . 46 77 1042 519 1391 . 333 Kills 24 | . . . . . . . 1 2 10 5 5 . 1 Allies Corrupted . | . . . . . . . . . . . . . . Allies Melted 1 | . . . . . . . . . . . . . 1 Intel | -11 -10 -10 -9 -6 -6 -6 -6 -6 -5 -4 -4 -3 -2 ------- Run | Yrd Mat Sub Scr Fac Was Fac Low Low Fac Fac Arm Res Res Active Infowar (turns) 10488 | 23 841 942 3234 387 186 706 787 122 1100 688 444 272 756 Sensors 2755 | . . . . . . 256 787 8 901 141 . . 662 Terrain 5033 | 23 841 194 1147 387 186 450 . . . 506 369 234 696 Structural 2835 | . . 748 2087 . . . . . . . . . . Traps 1210 | . . . . . . 236 787 119 68 . . . . Seismic 331 | . . . . . . 331 . . . . . . . Decoding 3611 | . . . . . . . 229 122 1100 688 444 272 756 Cloaking 112 | . . . . . . . . . . . 8 48 56 Robot Analysis Total 2 | . 2 . . . . . . . . . . . . Derelict Logs Recovered 3 | . . 1 . . . . 1 1 . . . . . Drone Launches 3 | . . . . . . . . . . 2 . . 1 Drone Recoveries 1 | . . . . . . . . . . . . . 1 Decoded 0b10 Intel 54 | . . . . . . . . . 17 15 6 5 11 Traps 27 | . . . . . . . . . 8 12 2 2 3 Emergency Access 26 | . . . . . . . . . 8 3 4 3 8 Exits 1 | . . . . . . . . . 1 . . . . Exploration | -11 -10 -10 -9 -6 -6 -6 -6 -6 -5 -4 -4 -3 -2 ------------- Run | Yrd Mat Sub Scr Fac Was Fac Low Low Fac Fac Arm Res Res Turns Passed 10849 | 70 841 1186 3234 387 186 776 787 122 1100 688 444 272 756 Spaces Moved 10212 | 52 435 697 1726 171 163 1067 1136 200 1450 1084 607 470 954 Core 324 | 9 . . . . 75 199 . . . . 1 . 40 Treads 1 | . 1 . . . . . . . . . . . . Legs . | . . . . . . . . . . . . . . Wheels 3159 | 43 434 697 1726 171 88 . . . . . . . . Hover 1996 | . . . . . . 134 1136 160 454 112 . . . Flight 4732 | . . . . . . 734 . 40 996 972 606 470 914 Fastest Speed 27 | 50 80 140 135 110 50 32 56 27 27 34 28 29 34 Average Speed 71 | 74 128 142 150 120 91 40 56 50 34 35 29 31 36 Slowest Speed 160 | 80 160 155 155 150 130 76 56 56 107 121 150 34 50 Overloaded Moves . | . . . . . . . . . . . . . . Propulsion Burnouts . | . . . . . . . . . . . . . . Robots Hopped 17 | . . . . . . 1 . . 2 11 . . 3 Potential Cave-ins 4 | . . . . . 4 . . . . . . . . Cave-ins Triggered . | . . . . . . . . . . . . . . Exploration Rate (%) 41 | 4 80 31 88 4 71 31 93 24 28 39 42 16 25 Regions Visited 13 Branch Regions 5 Pre-discovered Areas 3 | . . 1 . . . 1 . 1 . . . . . Known Exits Taken 7 | . . . . . . 1 1 1 1 1 1 1 . Unknown Exits Taken 4 | 1 1 1 1 . . . . . . . . . . Scrap Searched 17 | . . 3 8 . . . 4 2 . . . . . Spaces Dug 94 | . 11 7 . . . 19 1 . 18 20 2 7 9 Terrain Destroyed 110 | . 14 14 . 2 1 22 1 . 18 20 2 7 9 Melee 76 | . . . . . . 19 1 . 18 20 2 7 9 Projectile 7 | . . 1 . 2 1 3 . . . . . . . AOE 27 | . 14 13 . . . . . . . . . . . Terrain Rammed . | . . . . . . . . . . . . . . Walls Destroyed . | . . . . . . . . . . . . . . Machines Disabled . | . . . . . . . . . . . . . . Actions | -11 -10 -10 -9 -6 -6 -6 -6 -6 -5 -4 -4 -3 -2 --------- Run | Yrd Mat Sub Scr Fac Was Fac Low Low Fac Fac Arm Res Res Total 13311 | 73 660 829 2373 306 194 1365 1286 226 1947 1315 831 573 1333 Wait 2307 | 1 162 63 620 83 20 182 124 8 386 125 116 77 340 Move 10167 | 51 434 696 1725 171 162 1064 1135 199 1445 1061 606 469 949 Hop 16 | . . . . . . 1 . . 2 11 . . 2 Pick Up 117 | 10 17 4 7 11 2 26 3 . 5 12 7 7 6 Fast Attach 82 | 1 . . 5 4 . 7 4 4 22 19 12 1 3 Attach 71 | 5 1 4 . 6 2 20 3 . 3 8 6 4 9 Detach 11 | . . . . . . 4 2 . . 1 2 . 2 Swap 41 | . 6 10 2 1 . 3 1 . 6 3 8 1 . Drop 137 | . 5 12 14 4 3 23 6 4 19 21 14 4 8 Fire 120 | 5 35 40 . 24 3 13 . . . . . . . Melee 208 | . . . . . . 22 8 11 59 54 31 10 13 Ram 1 | . . . . . . . . . . . . . 1 Kick . | . . . . . . . . . . . . . . Crush . | . . . . . . . . . . . . . . Escape Stasis 29 | . . . . . . . . . . . 29 . . Rewire . | . . . . . . . . . . . . . . Trap 3 | . . . . 1 2 . . . . . . . . Miscellaneous 1 | . . . . 1 . . . . . . . . . Route ------- -11/Scrapyard -10/Materials (discovered 5 exits: [*Mat x2] / *Min x2 / *Sub) -10/Subcaves -9/Scraptown (discovered 2 exits: *Fac x2) -6/Factory -6/Waste -6/Factory (discovered 2 exits: *Low x2) -6/Lower Caves -6/Lower Caves -5/Factory -4/Factory (discovered 5 exits: *Res / *Upp x2 / [*Ext] / *Arm) -4/Armory (discovered 3 exits: *Res x2 / [Lab]) -3/Research (discovered 3 exits: *Res x3) -2/Research (discovered 1 exit: [*Tes]) History --------- Turn | Location | Event 21 | -11/Scrapyard | Discovered new exit (range 16) 71 | -11/Scrapyard | Entered Materials 248 | -10/Materials | Discovered new exit (range 10) 300 | -10/Materials | Build established: Mutant 344 | -10/Materials | Discovered new exit (range 16) 698 | -10/Materials | Discovered new exit (range 16) 700 | -10/Materials | Identified exit to Mines 888 | -10/Materials | Discovered new exit (range 7) 912 | -10/Materials | Entered Subcaves 913 | -10/Subcaves | Approached by a straggling Scientist 917 | -10/Subcaves | Learned Materials stockpile data 1033 | -10/Subcaves | Learned location of Zion (-6) 1033 | -10/Subcaves | Met a Zionite searching for "candidates" 1492 | -10/Subcaves | Found SUBCON Basin 1721 | -10/Subcaves | Scientist uncovered a shortcut to Scraptown 1979 | -10/Subcaves | Visited 4L-MR0's lab 2098 | -10/Subcaves | Entered Scraptown 2104 | -9/Scraptown | System corruption cleaned by C-Scrubber 2350 | -9/Scraptown | Discovered new exit (range 7) 2430 | -9/Scraptown | Heard Great Nut preacher, LISTEN AND RECITE! 2463 | -9/Scraptown | Visited Spacefarers 2491 | -9/Scraptown | Visited Bundlers 2600 | -9/Scraptown | Visited Cyclists 2876 | -9/Scraptown | Visited Awakened 2904 | -9/Scraptown | Visited Comm Corps 3237 | -9/Scraptown | Visited UFD Registry 3237 | -9/Scraptown | Registered with UFD as "Smoothform" 3278 | -9/Scraptown | Visited Junk Cannon Lab 3289 | -9/Scraptown | Found Prototype Special Weapon 3289 | -9/Scraptown | Identified Junk Cannon 3331 | -9/Scraptown | Visited Abandonware Association 3346 | -9/Scraptown | Learned abandonware demo "SHUTEYE.EXE" 3346 | -9/Scraptown | Learned abandonware demo "REBOOT5.EXE" 3387 | -9/Scraptown | Visited Chapter 10 3589 | -9/Scraptown | Visited Science Guys 3678 | -9/Scraptown | Visited Scrapoid Pod Storage 3695 | -9/Scraptown | Found Scrapoid Pod 3720 | -9/Scraptown | Visited Derelict Rescue Squad 3734 | -9/Scraptown | Visited Scrap Suit Storage 3852 | -9/Scraptown | Discovered new exit (range 5) 3979 | -9/Scraptown | Visited LU-1G1's Boring Crew 4036 | -9/Scraptown | Visited Cartography Club 4062 | -9/Scraptown | Found Surveybot 17 Chip 4250 | -9/Scraptown | Visited Fellowship of the Rings 5246 | -9/Scraptown | Met Optimus 5246 | -9/Scraptown | Accepted into 0bPrime 5332 | -9/Scraptown | Entered Factory 5332 | -6/Factory | Evolved 8 slots: Propulsion x2, Utility x5, Weapon x1 5608 | -6/Factory | Released subatomizers from SUBCON Basin 5614 | -6/Factory | Lost 3 parts (2n1w) 5719 | -6/Factory | Sucked down chute 5719 | -6/Factory | Entered Waste 5734 | -6/Waste | EMP discharged 5775 | -6/Waste | Spotted C-40 Crusher 5801 | -6/Waste | Spotted C-40 Crusher 5831 | -6/Waste | Spotted C-40 Crusher 5834 | -6/Waste | EMP discharged 5834 | -6/Waste | System corruption reached 10% 5839 | -6/Waste | Spotted C-40 Crusher 5842 | -6/Waste | Spotted C-40 Crusher 5852 | -6/Waste | Crushed by Compactor (1 part destroyed, 2 dropped) 5855 | -6/Waste | Crushed by Compactor (0 parts destroyed, 2 dropped) 5870 | -6/Waste | Spotted C-40 Crusher 5896 | -6/Waste | Lost 4 parts (1n1u2w) 5897 | -6/Waste | Discovered new exit (range 10) 5905 | -6/Waste | Entered Factory 6331 | -6/Factory | Loaded intel: 8 recycling unit locations 6418 | -6/Factory | Lost 7 parts (2p2n2u1w) 6591 | -6/Factory | Learned location of Protoforge (-2) 6609 | -6/Factory | Discovered new exit (range 8) 6610 | -6/Factory | Discovered new exit (range 15) 6611 | -6/Factory | Identified exit to Lower Caves 6681 | -6/Factory | Entered Lower Caves 6703 | -6/Lower Caves | Build established: Scout 6899 | -6/Lower Caves | A Derelict revealed a hidden shortcut to a safe place 6922 | -6/Lower Caves | Identified exit to Lower Caves 7050 | -6/Lower Caves | Encountered a Warlord checkpoint 7468 | -6/Lower Caves | Entered another Lower Caves area 7585 | -6/Lower Caves | Discovered new exit (range 10) 7588 | -6/Lower Caves | Identified exit to Factory 7590 | -6/Lower Caves | Entered Factory 7590 | -5/Factory | Evolved 2 slots: Power x1, Utility x1 7669 | -5/Factory | Loaded intel: 8 recycling unit locations 7676 | -5/Factory | Identified exit to Factory 7865 | -5/Factory | Build established: Scavenger-Sprinter 8004 | -5/Factory | Scraphulk reinforcements arrived 8036 | -5/Factory | Garrison activated, responded to threat 8297 | -5/Factory | Lost 7 parts (2p3n2u) 8690 | -5/Factory | Entered another Factory area 8690 | -4/Factory | Evolved 2 slots: Propulsion x1, Utility x1 8817 | -4/Factory | Discovered new exit (range 5) 8817 | -4/Factory | Discovered new exit (range 13) 8836 | -4/Factory | Identified exit to Research 8879 | -4/Factory | Discovered new exit (range 18) 8880 | -4/Factory | Lost 3 parts (3u) 8914 | -4/Factory | Lost 3 parts (1p1u1w) 9004 | -4/Factory | Discovered new exit (range 23) 9034 | -4/Factory | Identified exit to Upper Caves 9124 | -4/Factory | Fabricated R-06 Scavenger? 9129 | -4/Factory | Spotted B-86 Titan 9136 | -4/Factory | Build established: Hacker-Mutant 9192 | -4/Factory | Loaded intel: 8 recycling unit locations 9253 | -4/Factory | Spotted Striker 9254 | -4/Factory | Cargo convoy interrupted 9302 | -4/Factory | Destroyed Striker 9366 | -4/Factory | Scrapoids reinforcements arrived? 9371 | -4/Factory | Core integrity fell below 50% 9375 | -4/Factory | Discovered new exit (range 8) 9378 | -4/Factory | Identified exit to Armory 9378 | -4/Factory | Entered Armory 9379 | -4/Armory | Met VL-GR5, who suggested a friendly competition 9399 | -4/Armory | Lost 4 parts (3p1n) 9549 | -4/Armory | Discovered exit to Research (range 19) 9558 | -4/Armory | Loaded intel: 2 recycling unit locations 9588 | -4/Armory | Lost the competition with VL-GR5 9747 | -4/Armory | Lost 4 allies 9783 | -4/Armory | Discovered exit to Research (range 23) 9822 | -4/Armory | Discovered new exit (range 17) 9822 | -4/Armory | Entered Research 9822 | -3/Research | Evolved 2 slots: Utility x1, Weapon x1 9948 | -3/Research | Identified exit to Research 9992 | -3/Research | Loaded intel: 5 recycling unit locations 10030 | -3/Research | Build established: Hacker-Sprinter 10094 | -3/Research | Entered another Research area 10094 | -2/Research | Evolved 2 slots: Utility x2 10102 | -2/Research | Lost 6 parts (1p3n1u1w) 10368 | -2/Research | Discovered new exit (range 24) 10429 | -2/Research | Build established: Hacker-Ninja 10755 | -2/Research | Loaded intel: 5 recycling unit locations 10772 | -2/Research | Spotted B-90 Cyclops 10800 | -2/Research | Spotted B-90 Cyclops 10814 | -2/Research | Scraphulk reinforcements arrived? 10827 | -2/Research | Core integrity fell below 50% 10846 | -2/Research | Core integrity fell below 20% 10850 | -2/Research | Scrapoid reinforcements arrived 10850 | -2/Research | Destroyed by S-43 Plague with Heavy Machine Gun Last Messages --------------- 10835_ K-01 Serf collects debris. 10835_ Advanced Drone retrieved by Adv. Drone Bay (no repairs). 10836_ Dropped Adv. Drone Bay. 10837_ >> DECODED: Gamma Bomb Trap location. 10839_ Connecting with Recycling Unit... >>Force(Scrapoids) UFD!MEMBER UFD!ALLOCATE<105-3=102> UFD!ETA<11> UFD!SANITIZING UFD!... 10839_ ALERT: Suspicious activity at Recycling Unit R002. Dispatching Investigation squad. 10850_ Scrapoid reinforcements burst from the Recycling Unit. 10850_ Slug penetrates S-43 Plague. 10850_ Slug penetrates Wall. 10850_ S-43 Plague suffers critical hit (Destroy). 10850_ S-43 Plague destroyed. Map ----- +----------------------------------------------------+ | ?????????????????????????????????????????????????? | | ?????????????????????????????????????????????????? | | ?????????????????????????????????????????????????? | | ?????????????????????????????????????????????????? | | ?????????????????????????????????????????????????? | | ?????????????????????????????????????????????????? | | ?????????????????????????????????????????????????? | | ?????????????????????????????????????????????????? | | ?????????????????????????????????????????????????? | | ?????????????????????????????????????????????????? | | ?????????????????????????????????????????????????? | | ?????????????????????????????????????????????????? | | ?????????????????????????????????????????????????? | | ?????????????????????????????????????????????????? | | ?????????????????????????????????????????????????? | | ?????????????????????????????????????????????????? | | ?????????????????????????????????????????????????? | | ?????????????????????????????????????????????????? | | ?????????????????????????????????????????????????? | | ?????????????????????????????????????????????????? | | ?????????????????????????????????????????????????? | | ?????????????????????????????????????????????????? | | ?????????????????????????????????????????????????? | | ?????????????????????????????????????????????????? | | ?????????????????????###########?????????????????? | | ?????????????????????# @ s #?????????????????? | | ?????????????????????# sss #?????????????????? | | ?????????????????????# s #?????????????????? | | ?????????????????????# s[ #?????????????????? | | ?????????????????????# s% #?????????????????? | | ????????????????????#; [ss #?????????????????? | | ????????????????????##[ * l #?????????????????? | | ?????????????????????# ss #?????????????????? | | ?????????????????????####;g#####?????????????????? | | ?????????##+####+######?# ! #????????????????????? | | ????????? ###g #????????????????????? | | ???????? #^???????????????????? | | ????????? #????????????????????? | | ?????????????###+## #????????????????????? | | ??????????????????# """#????????????????????? | | ??????????????????# """#????????????????????? | | ??????????????????# ""#????????????????????? | | ??????????????????# F""#????????????????????? | | ??????????????????# """####/#???????????????? | | ??????????????????# ??????????????? | | ??????????????????#%% ###??????????????? ?? | | ??????????????????# #?#????????????#?#??# | | ?????????????????## #????? ???????##????# | | ?????????????????#" #??????????#?##?##?#? | | ?????????????????#" #????#??????????#?#?# | +----------------------------------------------------+ Best States ------------- Heat Dissipation 65 Energy Generation 33 Energy Capacity 475 Matter Stores 300 Matter Capacity 300 Sight Range 16 Robot Scan Range 16 Terrain Scan Range 24 Terrain Scan Density 1385 Cloak Strength 4 Additional Mass Support 9 Base Temperature (-) 200 Armor Coverage 225 Evasion (%) 75 Melee Accuracy 8 Core Analysis 6 Recoil Reduction 1 Salvage Targeting 3 Offensive Hacking 38 Defensive Hacking 12 Item Schematics ----------------- None Robot Schematics ------------------ None Fabricated ------------ R-06 Scavenger | x2 | -4/Factory | Preloaded Repaired ---------- Nothing Alien Tech Used ----------------- None Achievements -------------- Decoder Ring Challenges ------------ None Game ------ Seed EfficiencyTitaniumFlakker Manual? 0 Play Time 05:24:09 Cumulative 225.1 hours Start 2025.07.26 @ 16:44:02 End 2025.07.26 @ 22:54:52 Sessions 1 Manual Loads 0 Difficulty Rogue Special Mode None Game No. 143 Rogue 143 Adventurer 0 Explorer 0 Win Type - Total 5 Types 3/0/1/1/0/0/0/0/0/0 Lore% 62 Gallery% 58 Achievement% 52 Wizard Run 0 Options --------- Layout 2 ASCII 0 Keyboard 0 Movement Mouse Keybinds 0 Fullscreen 1 Font 48/Smallcaps Map View 55x44 Zoom Use 0% Tactical HUD 1 Map Filters NONE Filters NONE Steam 1 RUN: 88de26b1-a689-47c5-9a45-0880e7ae6150